 Dungeon Crawl Stone Soup version 0.32-a0-132-g2d33c3cfaf (webtiles) character file.

Game seed: 6281306075150888246

1826 hikkokomori the Grappler (level 8, 0/72 HPs)
             Began as a Troll Fighter on Feb 9, 2024.
             Was a Believer of Hepliaklqana.
             Slain by a vampire (6 damage)
             ... on level 6 of the Dungeon.
             The game lasted 00:07:52 (3578 turns).

hikkokomori the Grappler (Troll Fighter)            Turns: 3578, Time: 00:07:53

Health: 0/72       AC:  4    Str: 25    XL:     8   Next: 86%
Magic:  8/8        EV:  9    Int:  4    God:    Hepliaklqana [**....]
Gold:   447        SH:  8    Dex: 11    Spells: 7/7 levels left

rFire   . .          .
                       - Unarmed
rCold   . . .        b - +0 kite shield
rNeg    . . .        a - +0 robe
rPois   .            (helmet restricted)
rElec   .            (no cloak)
rCorr   .            (gloves unavailable)
SInv    .            (boots unavailable)
Will    .....        (no amulet)
Stlth   ++           (no ring)
HPRegen 1.12/turn    (no ring)
MPRegen 0.11/turn

%: no passive effects
@: no status effects
A: reduced essence, large, unfitting armour, claws 3, regeneration 1, shaggy fur
1, tough skin 1
a: Renounce Religion, Recall Ancestor, Ancestor Identity


You were on level 6 of the Dungeon.
You worshipped Hepliaklqana.
Hepliaklqana was pleased with you.
You visited 1 branch of the dungeon, and saw 6 of its levels.
You also visited: Ossuary.

You collected 447 gold pieces.

Inventory:

Missiles
 o - 6 curare-tipped darts
 v - 6 boomerangs (quivered)
 A - 4 javelins
Armour
 a - a +0 robe (worn)
 b - a +0 kite shield (worn)
Scrolls
 d - a scroll of noise {unknown}
 e - a scroll of revelation
 f - a scroll of immolation {unknown}
 g - 2 scrolls of enchant armour {unknown}
 h - a scroll of silence {unknown}
 k - a scroll of amnesia {unknown}
 l - a scroll of fear {unknown}
 m - a scroll of poison {unknown}
 s - a scroll of summoning {unknown}
 y - a scroll of teleportation {unknown}
 z - a scroll of blinking {unknown}
Potions
 c - 4 potions of might
 i - a potion of resistance {unknown}
 j - 3 potions of mutation
 n - 2 potions of enlightenment
 p - 2 potions of lignification
 q - a potion of invisibility
 r - a potion of cancellation
 t - a potion of haste {unknown}
 u - 6 potions of curing
 w - a potion of brilliance
 x - a potion of magic


   Skills:
 - Level 5.0 Fighting
 + Level 3.7 Throwing
 - Level 2.4 Dodging
 - Level 2.0 Stealth
 + Level 3.4 Shields
 - Level 8.0 Unarmed Combat
 - Level 2.0 Invocations


You had 7 spell levels left.
You didn't know any spells.
Your spell library contained the following spells:

 Spells                   Type           Power      Damage    Failure   Level
 Sandblast                Erth           0%         2d4       77%         1
 Lesser Beckoning         Tloc           0%         N/A       88%         2
 Gell's Gravitas          Tloc           0%         N/A       98%         3
 Passwall                 Erth           0%         N/A       98%         3
 Stone Arrow              Conj/Erth      0%         3d7       98%         3
 Teleport Other           Tloc           0%         N/A       98%         3
 Brom's Barrelling Bould  Conj/Erth      0%         2d3       100%        4


Dungeon Overview and Level Annotations

Branches:
Dungeon (6/15)             Temple (0/1) D:5         Ossuary (visited)

Altars:
Cheibriados
Dithmenos
Fedhas
Hepliaklqana
Trog
Wu Jian
Zin

Shops:
D:1 (


Innate Abilities, Weirdness & Mutations

Your life essence is reduced to manifest your ancestor. (-10% HP)
You are too large for most types of armour.
You have claws for hands.
Your natural rate of healing is unusually fast.
You are covered in fur. (AC +1)
You have tough skin. (AC +1)


Message History

Items here: )) [ †.
You mangle the gnoll!!
You kill the gnoll!
Teicuih hits something with a +0 dagger of draining.
Teicuih hits something but does no damage.
Unknown command.
Something hits you! Something bites you!
Something draws strength from your injuries!
Teicuih hits something but does no damage.
Teicuih hits something with a +0 dagger of draining.
Things that are here:
a +0 club; a gnoll corpse Your attacks no longer feel as feeble.
Something hits Teicuih!
Something barely misses Teicuih.
Teicuih points at thin air and mumbles some strange words.
Something hits Teicuih!
Something completely misses Teicuih.
Teicuih hits something with a +0 dagger of draining.
Teicuih barely misses something.
Something hits Teicuih!
Teicuih is destroyed!
You hear some strange, mumbled words.
Something tries to affect you, but you resist.
Something hits you! Something bites you.
Something draws strength from your injuries!
You are too injured to fight recklessly!
You mangle something!! Something draws life force from you!
You miss something. Something hits you. Something bites you!
Something draws strength from your injuries!
You closely miss something. Something draws life force from you!
* * * LOW HITPOINT WARNING * * *
You mangle something!!
You hear some strange, mumbled words.
Something tries to affect you, but you resist.
You barely miss something. Something hits you!
* * * LOW HITPOINT WARNING * * *
Something completely misses you.
You closely miss something. Something hits you.
* * * LOW HITPOINT WARNING * * *
Something bites you.
You die...
Hepliaklqana delivers you to your ancestors.

#. #.......#
#.####.......##+
#............#..
##............#..
##.............'..
##..............#..
###....##'#.......#..
###......#..#.......#..
#.....@..'..#########).
#......{.#####......)))
#............#.....##..
#....##+#)...#.....##..
...... '....#.....'..)
...... #.)).#.....#...
..... #...)###+# ##..
..... #...... #+#
#####.... #..


There were no monsters in sight!

Vanquished Creatures
  3 orc warriors (D:6)
  An ogre (D:5)
  6 water moccasin zombies (Ossuary)
  2 scorpions (D:5)
  A bombardier beetle (D:3)
  A hound (D:4)
  2 jellies
  A gnoll bouda (D:6)
  An orc priest (D:6)
  A spectral scorpion (Ossuary)
  Terence (D:3)
  An iguana (D:3)
  An orc wizard (D:3)
  Natasha (twice) (D:3)
  A bullfrog simulacrum (Ossuary)
  2 mummies (Ossuary)
  5 gnolls
  5 adders
  2 ufetubi (D:6)
  2 adder zombies (Ossuary)
  6 dart slugs
  2 ribbon worms
  11 orcs
  5 ball pythons
  A bat (D:1)
  3 endoplasms
  2 giant cockroaches
  11 gnoll zombies (Ossuary)
  6 hobgoblins
  7 jackals (D:1)
  3 quokkas
  2 frilled lizards
  5 goblins
  4 jackal zombies (Ossuary)
  7 kobolds
  2 orc zombies (Ossuary)
  2 rats
120 creatures vanquished.

Vanquished Creatures (collateral kills)
  A black bear (D:6)
  A weeping skull (Ossuary)
  A water moccasin zombie (Ossuary)
  2 hounds
  A jelly (D:6)
  2 orc wizards (D:6)
  2 gnolls (D:6)
  An adder (D:5)
  2 shadow imps (D:6)
  5 orcs (D:6)
  A hobgoblin (D:4)
  A quokka (D:5)
  2 orc zombies (Ossuary)
22 creatures vanquished.

Vanquished Creatures (others)
  A hexer (D:6)
1 creature vanquished.

Grand Total: 143 creatures vanquished

Notes
Turn   | Place    | Note
-------+----------+-------------------------------------------
     0 | D:1      | hikkokomori the Troll Fighter began the quest for the Orb.
     0 | D:1      | Reached XP level 1. HP: 22/22 MP: 0/0
    96 | D:1      | Found Jummaxt's Weapon Emporium.
   166 | D:1      | Reached XP level 2. HP: 29/29 MP: 1/1
   237 | D:1      | Reached skill level 3 in Unarmed Combat
   639 | D:2      | Reached XP level 3. HP: 31/36 MP: 2/2
   658 | D:2      | Found a hazy altar of Hepliaklqana.
   674 | D:2      | Became a worshipper of Hepliaklqana the Forgotten
   723 | D:2      | Reached skill level 1 in Throwing
  1120 | D:3      | Found a shadowy altar of Dithmenos.
  1324 | D:3      | Reached * piety under Hepliaklqana
  1356 | D:3      | Reached XP level 4. HP: 35/39 MP: 3/3
  1491 | D:3      | Noticed Terence
  1496 | D:3      | Killed Terence
  1497 | D:3      | Reached skill level 4 in Unarmed Combat
  1562 | D:3      | Noticed Natasha
  1567 | D:3      | Killed Natasha
  1568 | D:3      | Reached XP level 5. HP: 45/45 MP: 4/4
  1970 | D:4      | Found a sand-covered staircase.
  1975 | Ossuary  | Entered an ossuary
  1993 | Ossuary  | Reached skill level 5 in Unarmed Combat
  1993 | Ossuary  | Reached XP level 6. HP: 53/53 MP: 5/5
  2002 | Ossuary  | Reached skill level 1 in Stealth
  2061 | Ossuary  | Reached XP level 7. HP: 52/60 MP: 6/6
  2515 | D:3      | Noticed Natasha
  2519 | D:3      | Killed Natasha
  2520 | D:3      | Reached skill level 5 in Fighting
  2646 | D:4      | Found a snail-covered altar of Cheibriados.
  2757 | D:5      | Entered Level 5 of the Dungeon
  2775 | D:5      | Reached skill level 1 in Invocations
  2809 | D:5      | Reached XP level 8. HP: 69/72 MP: 8/8
  2858 | D:5      | Reached ** piety under Hepliaklqana
  2859 | D:5      | Remembered your ancestor Teicuih as a hexer
  3102 | D:5      | Reached skill level 6 in Unarmed Combat
  3194 | D:5      | Found a staircase to the Ecumenical Temple.
  3291 | D:6      | Found a blossoming altar of Fedhas.
  3293 | D:6      | Found a glowing silver altar of Zin.
  3295 | D:6      | Found an ornate altar of the Wu Jian Council.
  3295 | D:6      | Found a bloodstained altar of Trog.
  3458 | D:6      | Reached skill level 7 in Unarmed Combat
  3493 | D:6      | Reached skill level 8 in Unarmed Combat
  3578 | D:6      | Slain by a vampire

Illustrated notes

Levels and vault maps discovered:
D:1:      reono_arrival_mine, layout_loops_cross, serial_shops,
          nicolae_shop_peninsula
D:2:      layout_rooms, basic_altar
D:3:      layout_loops_corners, grunt_dithmenos_smoke_and_mirrors, st_stairs_7,
          minivault_23, uniq_natasha, uniq_terence
D:4:      layout_basic, mainiacjoe_overflow_concentric_impassable,
          enter_ossuary_5
D:5:      layout_rooms, minmay_temple_entry_fiery, serial_bayou,
          serial_bayou_pond_d, serial_bayou_pond_a, serial_bayou_ford_a,
          serial_bayou_shore_a
D:6:      corexii_shack_village, layout_gridville, makhleb_blood_cavern_becter,
          grunt_temple_overflow_open

Skill      XL: |  1  2  3  4  5  6  7  8 |
---------------+-------------------------+-----
Unarmed Combat | 3 4 5 8 |  8.0
Throwing       | 1 2 3 |  3.7
Stealth        | 1 2 |  2.0
Fighting       | 3 5 |  5.0
Invocations    | 1 2 |  2.0
Shields        | 3 |  3.4
Dodging        | |  2.4

Action                     |  1- 3 |  4- 6 |  7- 9 || total
---------------------------+-------+-------+-------++-------
  Melee: Unarmed           |    73 |    76 |   188 ||   337
  Throw: Boomerang         |       |       |     3 ||     3
         Javelin           |       |       |     4 ||     4
 Invoke: Ancestor Identity |     1 |       |       ||     1
         Ancestor Life: He |       |       |     1 ||     1
    Use: Scroll            |       |     5 |     5 ||    10
   Stab: Distracted        |     1 |     1 |     2 ||     4
         Sleeping          |     1 |       |     4 ||     5
         Confused          |       |       |     2 ||     2
 Armour: Robe              |    52 |    35 |    95 ||   182
  Dodge: Dodged            |    15 |    21 |    48 ||    84
  Block: Kite shield       |    24 |    31 |    83 ||   138

Table legend: (Time is in decaauts)
 A = Elapsed time spent in this place.
 B = Non-inter-level travel time spent in this place.
 C = Inter-level travel time spent in this place.
 D = Time resting spent in this place.
 E = Time spent auto-exploring this place.
 F = Levels seen in this place.
 G = Mean time per level.
                   A        B        C        D        E       F      G
               +--------+--------+--------+--------+--------+-----+--------+
         Total |   3594 |   3318 |    276 |      0 |   2524 |   7 |  513.4 |
       Dungeon |   3359 |   3083 |    276 |      0 |   2435 |   6 |  559.8 |
       Ossuary |    234 |    234 |      0 |      0 |     89 |   1 |  234.0 |
               +--------+--------+--------+--------+--------+-----+--------+

Top non-repeatable levels by time:
     D:3: 1039 daAuts
     D:1: 624 daAuts
     D:5: 534 daAuts
     D:4: 460 daAuts
     D:2: 413 daAuts
     D:6: 287 daAuts
 Ossuary: 234 daAuts
